 Dungeon Crawl Stone Soup version 0.27.0-1-g7a089689b8 (webtiles) character file.

Game seed: 14203672715975869075

17272 kobby the Carver (level 12, -3/95 HPs)
             Began as a Demonspawn Abyssal Knight on Aug 9, 2021.
             Was a High Priest of Lugonu.
             Slain by a four-headed hydra (6 damage)
             ... on level 1 of the Lair of Beasts.
             The game lasted 00:43:57 (17349 turns).

kobby the Carver (Demonspawn Abyssal Knight)       Turns: 17349, Time: 00:44:02

Health: -3/95      AC: 19    Str: 25    XL:     12   Next: 17%
Magic:  12/12      EV: 18    Int: 14    God:    Lugonu [*****.]
Gold:   420        SH:  0    Dex: 22    Spells: 11/11 levels left

rFire    + . .     SeeInvis .   L - +4 scimitar (flame)
rCold    . . .     Faith    .   (no shield)
rNeg     . . .     Spirit   .   y - +2 steam dragon scales
rPois    .         Reflect  .   (helmet restricted)
rElec    .         Harm     .   E - +2 cloak
rCorr    .         Rampage  .   f - +1 pair of gloves
Will     .....                  (no boots)
Stlth    ++++......             o - amulet of regeneration
HPRegen  1.25/turn              l - ring "Geghugg" {AC+4 Str+7 Int-5 Dex+7}
MPRegen  0.13/turn              n - +6 ring of intelligence

@: mighty, about to teleport
A: antennae 2, icy blue scales 1, powered by pain 2, fire resistance 1, low mp
1, strong 1
a: Renounce Religion, Depart the Abyss, Bend Space, Banish, Corrupt, Enter the
Abyss


You were on level 1 of the Lair of Beasts.
You worshipped Lugonu.
Lugonu was extremely pleased with you.
You visited 2 branches of the dungeon, and saw 13 of its levels.
You visited the Abyss 1 time.
You also visited: Bailey.

You collected 917 gold pieces.
You spent 497 gold pieces at shops.

Inventory:

Hand Weapons
 a - a +3 falchion of draining
 F - the +6 shortbow "Pumon" {venom, Dex+2}
   (You took it off an orc warrior in a bailey)

   Any ammunition fired from it poisons the flesh of those it strikes.
   Dex:       It affects your dexterity (+2).
 L - a +4 scimitar of flaming (weapon)
 O - the +8 mithril axe "Arga" {speed, Will+}
   (You found it on level 11 of the Dungeon)

   Attacks with this weapon are significantly faster.
   Will:      It increases your willpower.
Armour
 b - a +0 leather armour
 f - a +1 pair of gloves (worn)
 k - a scarf of repulsion
 r - a +2 leather armour of willpower
 y - +2 steam dragon scales (worn)
 E - a +2 cloak (worn)
 I - a scarf of resistance
 K - +0 acid dragon scales
Jewellery
 j - an amulet of the acrobat
 l - the ring "Geghugg" (left hand) {AC+4 Str+7 Int-5 Dex+7}
   (You acquired it on level 2 of the Dungeon)

   [ring of protection]

   AC:        It affects your AC (+4).
   Str:       It affects your strength (+7).
   Int:       It affects your intelligence (-5).
   Dex:       It affects your dexterity (+7).
 m - a ring of poison resistance
 n - a +6 ring of intelligence (right hand)
 o - an amulet of regeneration (around neck)
 p - an amulet of guardian spirit
 w - a ring of wizardry
 x - a ring of flight
Wands
 q - a wand of flame (32)
 s - a wand of iceblast (23)
 u - a wand of polymorph (17)
 J - a wand of digging (5)
Scrolls
 c - a scroll of fog
 d - 6 scrolls of teleportation
 e - 6 scrolls of magic mapping
 g - 2 scrolls of immolation
 h - 10 scrolls of identify
 B - a scroll of holy word
 D - 3 scrolls of fear
 G - a scroll of blinking
Potions
 i - a potion of ambrosia
 t - 8 potions of degeneration
 v - 2 potions of brilliance
 z - a potion of heal wounds {unknown}
 A - a potion of invisibility {unknown}
 C - a potion of magic {unknown}
 H - 3 potions of might
 M - a potion of flight


   Skills:
 + Level 9.0 Fighting
 + Level 11.2 Long Blades
 + Level 5.5 Axes
 + Level 4.0 Armour
 + Level 8.3 Dodging
 + Level 6.7 Stealth
 + Level 2.9 Invocations
 + Level 2.6 Evocations


You had 11 spell levels left.
You didn't know any spells.
Your spell library contained the following spells:

 Spells                   Type           Power      Damage    Failure   Level
 Animate Skeleton         Necr           0%         N/A       28%         1
 Foxfire                  Conj/Fire      0%         2x1d4     28%         1
 Magic Dart               Conj           0%         1d3       28%         1
 Pain                     Necr           0%         1d4       28%         1
 Sting                    Tmut/Pois      0%         1d3       28%         1
 Call Imp                 Summ           0%         N/A       41%         2
 Poisonous Vapours        Pois/Air       0%         N/A       41%         2
 Sublimation of Blood     Necr           0%         N/A       41%         2
 Conjure Flame            Conj/Fire      0%         6-21      65%         3
 Gell's Gravitas          Tloc           0%         N/A       65%         3
 Inner Flame              Hex/Fire       0%         N/A       65%         3
 Lesser Beckoning         Tloc           0%         N/A       65%         3
 Mephitic Cloud           Conj/Pois/Air  0%         N/A       65%         3
 Portal Projectile        Hex/Tloc       0%         N/A       65%         3
 Teleport Other           Tloc           0%         N/A       65%         3
 Vampiric Draining        Necr           0%         2d6       65%         3
 Animate Armour           Summ/Erth      0%         N/A       96%         4
 Cause Fear               Hex            0%         N/A       96%         4
 Olgreb's Toxic Radiance  Pois           0%         N/A       96%         4
 Petrify                  Tmut/Erth      0%         N/A       96%         4
 Blade Hands              Tmut           0%         N/A       100%        5
 Excruciating Wounds      Necr           0%         N/A       100%        5
 Irradiate                Conj/Tmut      0%         3d14      100%        5
 Iron Shot                Conj/Erth      0%         9d1       100%        6
 Discord                  Hex            0%         N/A       100%        8


Dungeon Overview and Level Annotations

Branches:
Dungeon (12/15)            Temple (0/1) D:4            Lair (1/6) D:10
    Orc (0/2) D:11         Bailey (visited)

Altars:
Ashenzari
Fedhas
Gozag
Hepliaklqana
Qazlal
Ru
Sif Muna
Vehumet
Wu Jian
The Shining One

Shops:
D:8 *   D:10 **   D:12 =*:*

Annotations:
D:12 exclusion: obsidian statue


Innate Abilities, Weirdness & Mutations

You have a pair of antennae on your head.
You are partially covered in icy blue scales. (AC +2)
You sometimes gain power by taking damage.
Your flesh is heat resistant. (rF+)
Your magical capacity is low. (-10% MP)
Your muscles are strong. (Str +2)


Message History

The five-headed hydra closely misses you.
You riposte.
You barely miss the five-headed hydra.
The five-headed hydra is almost dead.
The five-headed hydra bites you.
The five-headed hydra bites you but does no damage. x2
The five-headed hydra bites you.
* * * LOW HITPOINT WARNING * * *
As you read the scroll of teleportation, it crumbles to dust.
You feel strangely unstable. The bullfrog completely misses you.
The blink frog blinks!
The blink frog completely misses you. The blink frog hits you.
* * * LOW HITPOINT WARNING * * *
The blink frog blinks!
The bullfrog misses you.
You riposte.
You slice the bullfrog!! You burn the bullfrog.
The bullfrog is almost dead.
The blink frog blinks!
The five-headed hydra bites you but does no damage. x4
The five-headed hydra misses you.
The blink frog hits you but does no damage.
The blink frog blinks!
You slice one of the five-headed hydra's heads off!
The flame cauterises the wound!
You hit the four-headed hydra. You burn the four-headed hydra.
The four-headed hydra is almost dead.
The blink frog misses you. The bullfrog misses you.
You riposte.
You slash the bullfrog! You burn the bullfrog.
You kill the bullfrog!
Lugonu accepts your kill.
The blink frog blinks!
The four-headed hydra bites you but does no damage. x3
The four-headed hydra bites you!
* * * LOW HITPOINT WARNING * * *
The blink frog hits you but does no damage.
You feel better. The yak gores you!
* * * LOW HITPOINT WARNING * * *
The blink frog closely misses you.
You riposte.
You slash the blink frog! You burn the blink frog.
The blink frog is moderately wounded.
The yak completely misses you. The four-headed hydra bites you.
You die...

########## ### ###. ... ....###.#
.... #.# #..##..# ... ##.##
#[.###.#### ###.## #P..#
#...##.#..#### .
#.#.P######.F###...F......#.#
..Y##........YYY@§...§...##...##
#.............YDY####....#.....##
.#..........### ###.........#
#....#.###### #P.##.......
......##### ##.......#.# .####.
##)###....# # #####..#.# #.....#
####### ##..P.#


You could see a four-headed hydra, 5 yaks and 2 blink frogs.

Vanquished Creatures
  A hydra (D:12)
  Erica (D:8)
  A boulder beetle (D:11)
  4 two-headed ogres
  A death yak (D:12)
  A phantasmal warrior (D:12)
  2 orc knights (Bailey)
  A deep elf pyromancer (D:12)
  An ugly thing (D:11)
  Maggie (D:6)
  3 gargoyles
  A komodo dragon (D:12)
  3 unseen horrors
  2 trolls (D:10)
  Prince Ribbit (D:5)
  A hornet (D:11)
  A meliai zombie (D:10)
  A vampire (D:11)
  Sigmund (D:5)
  2 wyverns
  A yak (D:12)
  Eustachio (D:5)
  A human (D:12)
  A steam dragon (D:8)
  Menkaure (D:5)
  Edmund (D:4)
  An acid dragon (D:11)
  3 water moccasins
  A swamp drake (D:11)
  An ice beast (D:5)
  10 orc warriors
  A sky beast (D:8)
  An ogre (D:11)
  A black bear (D:6)
  A necrophage (D:6)
  5 centaurs
  A phantom (D:4)
  Blork the orc (D:5)
  8 bullfrogs
  A gnoll sergeant (D:7)
  A wyvern zombie (D:8)
  5 killer bees
  5 wights (D:10)
  4 howler monkeys
  A centaur skeleton (D:6)
  3 centaur zombies
  A bullfrog zombie (D:6)
  11 orc priests
  A hound (D:6)
  Ijyb (D:4)
  A bullfrog skeleton (D:6)
  An iguana (D:6)
  Natasha (thrice) (D:4)
  17 orc wizards
  A hound skeleton (D:5)
  A howler monkey zombie (D:10)
  5 adders
  9 gnolls
  2 ufetubi
  4 worms
  A dart slug (D:2)
  61 orcs
  9 ball pythons
  11 bats
  6 endoplasms
  4 giant cockroaches
  9 hobgoblins
  10 jackals
  2 quokkas
  4 frilled lizards
  9 goblins
  4 kobolds (D:1)
  3 rats
  A spectral kobold (D:3)
283 creatures vanquished.

Vanquished Creatures (collateral kills)
  3 jackals (D:2)
3 creatures vanquished.

Vanquished Creatures (others)
  5 fungi
  14 plants
19 creatures vanquished.

Grand Total: 305 creatures vanquished

Notes
Turn   | Place    | Note
-------+----------+-------------------------------------------
     0 | Abyss:1  | kobby the Demonspawn Abyssal Knight began the quest for the
                  | Orb.
     0 | Abyss:1  | Reached XP level 1. HP: 18/18 MP: 2/2
    36 | Abyss:1  | Noticed a large abomination
    37 | D:1      | Escaped the Abyss
   109 | D:1      | Reached * piety under Lugonu
   117 | D:1      | Reached skill level 1 in Dodging
   275 | D:1      | Gained mutation: You are partially covered in icy blue
                  | scales. (AC +2) [demonic ancestry]
   275 | D:1      | Reached XP level 2. HP: 14/24 MP: 3/3
   478 | D:1      | Reached skill level 2 in Long Blades
   669 | D:1      | Reached XP level 3. HP: 29/29 MP: 5/5
   911 | D:1      | Reached ** piety under Lugonu
  1680 | D:2      | Gained mutation: You have a pair of small antennae on your
                  | head. [demonic ancestry]
  1680 | D:2      | Reached XP level 4. HP: 28/36 MP: 6/6
  1770 | D:2      | HP: 1/36 [poisoned by an adder]
  2108 | D:2      | Identified a scroll of acquirement
  2108 | D:2      | Acquired the ring "Geghugg" {AC+4 Str+7 Int-5 Dex+7}
  2430 | D:2      | Reached skill level 3 in Long Blades
  2430 | D:2      | Gained mutation: You have a pair of antennae on your head.
                  | [demonic ancestry]
  2430 | D:2      | Reached XP level 5. HP: 42/42 MP: 7/7
  2890 | D:3      | Found a faded altar of an unknown god.
  3119 | D:3      | Found a stormy altar of Qazlal.
  3130 | D:3      | Found a blossoming altar of Fedhas.
  3267 | D:3      | Found a radiant altar of Vehumet.
  3269 | D:3      | Found an ornate altar of the Wu Jian Council.
  3272 | D:3      | Found a sacrificial altar of Ru.
  3788 | D:4      | Found a staircase to the Ecumenical Temple.
  3994 | D:4      | Reached skill level 1 in Stealth
  4000 | D:4      | Reached XP level 6. HP: 22/48 MP: 8/8
  4471 | D:4      | Reached *** piety under Lugonu
  4558 | D:4      | Noticed Natasha
  4563 | D:4      | Killed Natasha
  4662 | D:4      | Noticed Edmund
  4694 | D:4      | Reached skill level 4 in Long Blades
  4786 | D:4      | Killed Edmund
  4787 | D:4      | Reached XP level 7. HP: 50/54 MP: 9/9
  4856 | D:4      | Noticed Ijyb
  4868 | D:4      | Killed Ijyb
  5097 | D:4      | Noticed Natasha
  5109 | D:4      | Killed Natasha
  5432 | D:4      | Noticed Natasha
  5439 | D:4      | Killed Natasha
  5564 | D:5      | Entered Level 5 of the Dungeon
  5571 | D:5      | Found a hazy altar of Hepliaklqana.
  5572 | D:5      | Found a broken altar of Ashenzari.
  5591 | D:5      | Reached skill level 5 in Long Blades
  5647 | D:5      | Noticed Blork the orc
  5656 | D:5      | Killed Blork the orc
  5694 | D:5      | Noticed Prince Ribbit
  5704 | D:5      | Killed Prince Ribbit
  5705 | D:5      | Reached XP level 8. HP: 55/61 MP: 10/10
  5773 | D:5      | Reached skill level 6 in Long Blades
  5830 | D:5      | Noticed Menkaure
  5841 | D:5      | Killed Menkaure
  5925 | D:5      | Noticed Sigmund
  5928 | D:5      | Noticed Eustachio
  6277 | D:5      | Killed Eustachio
  6278 | D:5      | Reached skill level 5 in Fighting
  6408 | D:5      | Killed Sigmund
  6558 | D:5      | Found a shimmering blue altar of Sif Muna.
  6775 | D:5      | Found an opulent altar of Gozag.
  7220 | D:6      | Noticed Maggie
  7245 | D:6      | Killed Maggie
  7246 | D:6      | Reached skill level 7 in Long Blades
  7429 | D:6      | Reached XP level 9. HP: 67/69 MP: 11/11
  8072 | D:6      | Reached skill level 8 in Long Blades
  8408 | D:7      | Reached **** piety under Lugonu
  8544 | D:7      | Reached skill level 5 in Dodging
  9526 | D:8      | Reached skill level 9 in Long Blades
  9824 | D:8      | Gained mutation: You sometimes gain a little power by
                  | taking damage. [demonic ancestry]
  9824 | D:8      | Reached XP level 10. HP: 77/77 MP: 12/12
 10024 | D:8      | Found Pyeng's General Store.
 10029 | D:8      | Bought a potion of mutation for 120 gold pieces
 10029 | D:8      | Gained mutation: Your flesh is heat resistant. (rF+)
                  | [potion of mutation]
 10029 | D:8      | Gained mutation: Your muscles are strong. (Str +2) [potion
                  | of mutation]
 10223 | D:8      | Noticed Erica
 10247 | D:8      | Killed Erica
 10248 | D:8      | Reached skill level 5 in Stealth
 11641 | D:10     | Entered Level 10 of the Dungeon
 11641 | D:10     | Found a flagged portal.
 11653 | Bailey   | Entered a bailey
 11791 | Bailey   | Noticed an orc knight
 11803 | Bailey   | Killed an orc knight
 11805 | Bailey   | Identified the +6 shortbow "Pumon" {venom, Dex+2}
 11944 | Bailey   | Noticed an orc knight
 11958 | Bailey   | Killed an orc knight
 11959 | Bailey   | Reached skill level 10 in Long Blades
 11959 | Bailey   | Reached skill level 1 in Evocations
 12324 | D:10     | Found Fomnoss's Specific Store.
 12333 | D:10     | Found Zoffest's General Store.
 12347 | D:10     | Bought a scroll of enchant armour for 97 gold pieces
 12361 | D:10     | Noticed a two-headed ogre
 12366 | D:10     | Killed a two-headed ogre
 12416 | D:10     | Noticed a two-headed ogre
 12427 | D:10     | Killed a two-headed ogre
 12428 | D:10     | Reached XP level 11. HP: 57/85 MP: 13/13
 12864 | D:10     | Found a staircase to the Lair.
 13778 | D:10     | Noticed a two-headed ogre
 13785 | D:10     | Killed a two-headed ogre
 14485 | D:11     | Noticed a two-headed ogre
 14500 | D:11     | Killed a two-headed ogre
 14709 | D:11     | Reached skill level 11 in Long Blades
 14926 | D:11     | Found the +8 mithril axe "Arga" {speed, Will+}
 15071 | D:11     | Noticed a boulder beetle
 15122 | D:11     | Killed a boulder beetle
 15303 | D:11     | Reached skill level 1 in Axes
 15308 | D:11     | Noticed a red ugly thing
 15318 | D:11     | Killed a red ugly thing
 15989 | D:11     | Found a staircase to the Orcish Mines.
 16218 | D:12     | Noticed an obsidian statue
 16218 | D:12     | Noticed a two-headed ogre
 16232 | D:12     | Gained mutation: Your magical capacity is low. (-10% MP) [a
                  | neqoxec]
 16243 | D:12     | Noticed a death yak
 16243 | D:12     | Noticed a death yak
 16244 | D:12     | Noticed a death yak
 16340 | D:12     | Found Wekogax's General Store.
 16341 | D:12     | Noticed a deep elf pyromancer
 16367 | D:12     | Killed a deep elf pyromancer
 16367 | D:12     | Reached ***** piety under Lugonu
 16712 | D:12     | Found Qomoliz's Book Emporium.
 16723 | D:12     | Found Nuczonk's General Store.
 16763 | D:12     | Found Miujog's Jewellery Shoppe.
 16772 | D:12     | Bought a ring of poison resistance for 280 gold pieces
 16798 | D:12     | Noticed a seven-headed hydra
 16805 | D:12     | Killed a two-headed hydra
 16806 | D:12     | Gained mutation: You sometimes gain power by taking damage.
                  | [demonic ancestry]
 16806 | D:12     | Reached XP level 12. HP: 69/94 MP: 12/12
 16857 | D:12     | Noticed a death yak
 16857 | D:12     | Noticed a death yak
 16858 | D:12     | Noticed a death yak
 16858 | D:12     | Noticed a death yak
 16871 | D:12     | Killed a death yak
 16872 | D:12     | Reached skill level 5 in Axes
 17161 | Lair:1   | Entered Level 1 of the Lair of Beasts
 17324 | Lair:1   | Noticed an eight-headed hydra
 17349 | Lair:1   | HP: 3/95 [yak (12)]
 17349 | Lair:1   | Slain by a four-headed hydra

Illustrated notes

Levels and vault maps discovered:
D:1:      scummos_arrival_hexagon, layout_basic
D:2:      layout_rooms, minmay_misc_feat_five, minmay_hexomino_f4
D:3:      layout_basic, grunt_temple_overflow_forces_of_nature,
          grunt_temple_overflow_diamond,
          dreamdust_ecumenical_altar_drowned_temple, minmay_misc_feat_enclosed,
          st_stairs_13
D:4:      layout_layer_cave, minmay_temple_entry_grid, grunt_ministairs_14,
          uniq_edmund, uniq_natasha, uniq_ijyb
D:5:      wad_pebble_path, layout_gridville, nicolae_gozag_seed_capital,
          mainiacjoe_overflow_alcove_4, gammafunk_temple_overflow_claw,
          serial_co_window_serial, co_window_paths_a,
          co_window_of_opportunity_a, co_window_paths_a, co_window_cross_1,
          co_window_corner_a, co_window_unsneaky_path_e, co_window_corner_ca,
          co_window_paths_c, co_window_corner_ca, co_window_broadway_b,
          glass_columns_a, glass_columns_b, glass_columns_a, glass_columns_b,
          glass_columns_b, uniq_sigmund, uniq_eustachio, uniq_menkaure,
          uniq_blork_the_orc, uniq_prince_ribbit1
D:6:      layout_basic, hangedman_decor_opposing, uniq_maggie
D:7:      layout_loops_ring
D:8:      layout_gridville, serial_shops, kennysheep_little_box, uniq_erica
D:9:      layout_grid_maze, grunt_decor_one_mirror, serial_bayou_lake_a
D:10:     minmay_razor_zed, layout_loops_corners, dpeg_oklobed_lair,
          enter_bailey_2, minmay_misc_feat_roman, nicolae_specific_store
D:11:     layout_irregular_city, erik_orc_1, due_unseen_surprise
D:12:     slaughterhouse, layout_cross, serial_shops, nicolae_shop_statue_plus,
          nicolae_shop_behind_doors,
          nicolae_shop_temple_entry_statues_fountains, shop,
          minmay_statue_bubble
Lair:1:   minmay_lair_oklob_tunnel, layout_loops_ring

Skill      XL: |  1  2  3  4  5  6  7  8  9 10 11 12 |
---------------+-------------------------------------+-----
Dodging        | 1 2 3 4 5 7 8 |  8.3
Armour         | 2 3 4 |  4.0
Long Blades    | 2 3 4 5 7 9 10 11 | 11.2
Fighting       | 4 5 6 7 8 9 |  9.0
Stealth        | 1 2 3 4 5 6 |  6.7
Evocations     | 2 |  2.6
Axes           | 4 5 |  5.5
Invocations    | |  2.9

Action                   |  1- 3 |  4- 6 |  7- 9 | 10-12 || total
-------------------------+-------+-------+-------+-------++-------
Melee: Falchion          |   142 |   147 |   379 |   345 ||  1013
       Broad axe         |       |       |       |   168 ||   168
       Scimitar          |       |       |       |    12 ||    12
Invok: Depart the Abyss  |     1 |       |       |       ||     1
       Bend Space        |       |       |       |     1 ||     1
Evoke: Wand              |       |       |       |    17 ||    17
  Use: Scroll            |     4 |     7 |     5 |     9 ||    25
       Potion            |       |     6 |     1 |     8 ||    15
 Stab: Sleeping          |       |     2 |     8 |    11 ||    21
       Distracted        |       |     1 |     3 |     1 ||     5
Armor: Leather armour    |    69 |    67 |    67 |       ||   203
       Steam dragon scal |       |       |    76 |   231 ||   307
Dodge: Dodged            |   133 |    77 |   257 |   474 ||   941
       Repelled          |     1 |       |       |       ||     1
       Rpst.: Falchion   |    42 |    27 |    61 |    53 ||   183
       Scimitar          |       |       |       |     5 ||     5
